AoeStats
← Raymckein

Oasis

509103327Analyzed
2v2 RM · 6d ago on Sep 25, 2026· 54m 4s· 4 players
Game mode
Random Map
Map size
Medium (4 player)
Population
200
Speed
Normal
Resources
Standard
Victory
Conquest
Starting age
Dark Age
Ending age
Imperial Age
RankedLock teamsTeams togetherTeam positionsShared explorationLock speedFull tech treeHidden civsTurbo modeCheats
Victory
Defeat
🇨🇳 Dravidians · China
797
+15
795
+15
🇪🇸 Mongols · Spain
832
-18
🇪🇸 Inca · Spain
708
-12
#iNFANTES6#
10:03 Feudal Age
17:18 Castle Age
16:03 Forging
17:34 Horse Collar
17:41 Double-Bit Axe
19:00 Wheelbarrow
19:28 Scale Barding Armor
20:36 Loom
23:54 Wheelbarrow
23:12 Town Watch
23:40 Heavy Plow
24:16 Fletching
25:06 Husbandry
26:05 Gold Mining
26:37 Bloodlines
32:48 Imperial Age
32:51 Hand Cart
32:34 Bodkin Arrow
33:15 Iron Casting
33:01 Chain Barding Armor
32:41 Padded Archer Armor
33:10 Ballistics
34:56 Chemistry
34:28 Conscription
35:41 Parthian Tactics
35:23 Thumb Ring
34:54 Capped Ram
35:59 Caravan
36:38 Bow Saw
37:27 Elite Steppe Lancer
38:43 Leather Archer Armor
39:40 Elite Mangudai
42:49 Coinage
43:53 Blast Furnace
42:53 Bracer
45:25 Stone Mining
47:03 Onager
48:14 Light Cavalry
51:02 Siege Engineers
Raymckein
0:59 Loom
15:37 Feudal Age
20:38 Champi Runner
21:20 Double-Bit Axe
21:26 Gold Mining
23:52 Fletching
24:03 Padded Archer Armor
24:13 Forging
25:50 Stone Mining
28:30 Castle Age
27:25 Horse Collar
28:33 Elite Skirmisher
30:03 Bodkin Arrow
30:23 Leather Archer Armor
39:45 Imperial Age
37:30 Andean Sling
38:27 Ballistics
38:20 Fortified Wall
38:51 Heavy Plow
39:02 Bow Saw
39:31 Stone Shaft Mining
39:33 Gold Shaft Mining
40:21 Thumb Ring
40:45 Bracer
41:22 Ring Archer Armor
43:00 Caravan
45:24 Iron Casting
54:09 Blast Furnace
53:10 Scale Mail Armor
Sternenhimmel
6:20 Loom
12:10 Feudal Age
17:56 Castle Age
17:39 Double-Bit Axe
26:48 Horse Collar
28:09 Bow Saw
28:45 Town Watch
29:59 Wheelbarrow
31:55 Hand Cart
32:46 Gold Mining
32:47 Stone Mining
33:02 Heavy Plow
36:28 Imperial Age
35:44 Medical Corps
35:48 Thumb Ring
35:37 Fletching
35:48 Padded Archer Armor
35:50 Scale Mail Armor
37:02 Town Patrol
39:34 Two-Man Saw
39:09 Conscription
39:29 Hoardings
39:00 Husbandry
39:34 Bodkin Arrow
39:55 Leather Archer Armor
39:57 Chain Mail Armor
39:53 Forging
40:25 Ballistics
41:05 Chemistry
40:29 Ballistics
41:12 Caravan
41:14 Bracer
41:45 Ring Archer Armor
42:56 Coinage
42:37 Guilds
42:51 Elite Elephant Archer
44:32 Ring Archer Armor
44:32 Plate Mail Armor
44:38 Iron Casting
44:31 Murder Holes
44:47 Fortified Wall
44:22 Man-at-Arms
44:23 Pikeman
44:48 Gambesons
45:04 Squires
44:49 Arson
45:27 Wootz Steel
44:28 Elite Urumi Swordsman
45:48 Long Swordsman
47:31 Two-Handed Swordsman
48:31 Champion
51:30 Elite Urumi Swordsman
52:30 Devotion
52:42 Scale Barding Armor
53:12 Iron Casting
53:02 Elite Skirmisher
54:07 Bombard Tower
53:37 Guard Tower
灰色中分小哥♪
5:01 Loom
11:42 Feudal Age
16:53 Castle Age
25:45 Double-Bit Axe
26:09 Horse Collar
30:35 Wheelbarrow
31:21 Bow Saw
33:46 Hand Cart
36:19 Imperial Age
34:27 Elite Skirmisher
35:15 Thumb Ring
35:10 Gold Mining
35:53 Fletching
36:04 Padded Archer Armor
37:07 Bodkin Arrow
38:44 Conscription
38:44 Heavy Camel Rider
42:03 Chemistry
41:24 Ballistics
42:00 Husbandry
45:37 Hand Cart
46:31 Two-Man Saw
46:21 Scale Barding Armor
47:09 Gold Shaft Mining
50:54 Chain Barding Armor
52:23 Bracer
53:00 Plate Barding Armor
52:35 Forging
52:48 Stone Mining
53:01 Heavy Plow
Connection lost

Rejoining the realm…

Still unreachable

The connection could not be restored.

Session expired

The server has moved on; the page needs a fresh start.